 Dungeon Crawl Stone Soup version 0.26-a0-501-g57170428f2 (webtiles) character file.

Game seed: 10076236623511816717

21368 KristoblXynda the Carver (level 12, -3/86 HPs)
             Began as a Vampire Gladiator on Aug 7, 2020.
             Was an Initiate of Gozag.
             Slain by a blink frog (11 damage)
             ... on level 1 of the Lair of Beasts.
             The game lasted 00:28:18 (14593 turns).

KristoblXynda the Carver (Vampire Gladiator)       Turns: 14593, Time: 00:28:19

Health: -3/86      AC: 12    Str: 15    XL:     12   Next: 53%
Magic:  12/12      EV: 21    Int: 13    God:    Gozag
Gold:   2493       SH:  6    Dex: 22    Spells: 11/11 levels left

rFire    . . .     SeeInvis +   w - +1 scimitar
rCold    . . .     Faith    .   C - +0 buckler
rNeg     . . .     Spirit   .   F - +0 acid dragon scales
rPois    .         Reflect  .   c - +1 helmet
rElec    .         Harm     .   A - +0 cloak
rCorr    +                      r - +0 pair of gloves
MR       +....                  (no boots)
Stlth    +++++.....             (no amulet)
HPRegen  0.44/turn              (no ring)
MPRegen  0.13/turn              y - +6 ring of dexterity

@: regenerating quickly
A: fangs 3, see invisible, unbreathing
a: Exsanguinate, Potion Petition, Call Merchant, Bribe Branch, Renounce Religion


You were on level 1 of the Lair of Beasts.
You worshipped Gozag.
Gozag was most pleased with you.
You visited 3 branches of the dungeon, and saw 15 of its levels.
You also visited: Sewer.

You collected 2589 gold pieces.
You paid 96 gold pieces to Gozag.

Inventory:

Hand Weapons
 w - a +1 scimitar (weapon)
 E - a +0 long sword of flaming
Missiles
 d - 7 throwing nets (quivered)
Armour
 c - a +1 helmet (worn)
 r - a +0 pair of gloves (worn)
 A - a +0 cloak (worn)
 C - a +0 buckler (worn)
 F - +0 acid dragon scales (worn)
Jewellery
 s - an uncursed ring of resist corrosion
 y - a +6 ring of dexterity (right hand)
Wands
 f - a wand of enslavement (14)
 t - a wand of digging (15)
 z - a wand of paralysis (1)
Scrolls
 a - a scroll of identify
 b - 7 scrolls of teleportation
 g - 4 scrolls of remove curse
 h - 8 scrolls of amnesia
 o - 2 scrolls of enchant weapon
 u - 2 scrolls of blinking
 v - 3 scrolls of magic mapping
 G - a scroll of fog
Potions
 e - 2 potions of curing
 i - 2 potions of lignification
 j - 3 potions of haste
 k - 4 potions of resistance
 l - 3 potions of brilliance
 m - 2 potions of ambrosia
 n - a potion of stabbing
 q - 7 potions of flight
 x - a potion of might
 B - a potion of magic
 H - 2 potions of mutation


   Skills:
 + Level 5.2 Fighting
 + Level 11.4 Long Blades
 - Level 2.1 Throwing
 + Level 6.1 Armour
 + Level 11.0 Dodging
 - Level 10.3 Stealth
 - Level 4.0 Shields
 - Level 8.1 Evocations


You had 11 spell levels left.
You didn't know any spells.
Your spell library contained the following spells:

 Spells                   Type           Power        Failure   Level
 Magic Dart               Conj           #...         38%         1
 Blink                    Tloc           N/A          54%         2
 Call Imp                 Summ           #.......     54%         2
 Slow                     Hex            #.......     54%         2
 Conjure Flame            Conj/Fire      #.......     77%         3
 Mephitic Cloud           Conj/Pois/Air  #.......     77%         3
 Cause Fear               Hex            #.........   99%         4
 Silence                  Hex/Air        #.........   100%        5
 Yara's Violent Unravell  Hex/Tmut       #.........   100%        5
 Discord                  Hex            #.........   100%        8


Dungeon Overview and Level Annotations

Branches:
Dungeon (13/15)            Temple (1/1) D:6            Lair (1/6) D:9
    Orc (0/2) D:11          Sewer (visited)
 Vaults: D:13-14

Altars:
Ashenzari
Cheibriados
Dithmenos
Elyvilon
Fedhas
Gozag
Hepliaklqana
Kikubaaqudgha
Makhleb
Nemelex Xobeh
Okawaru
Qazlal
Ru
Sif Muna
Trog
Uskayaw
Vehumet
Wu Jian
Xom
Yredelemnul
Zin
The Shining One

Annotations:
D:6 exclusion: statue


Innate Abilities, Weirdness & Mutations

Your natural rate of healing is unusually fast.
You have razor-sharp teeth.
You have supernaturally acute eyesight. (SInv)
You can survive without breathing.


Message History

You miss the blink frog.
The blink frog is almost dead.
The blink frog hits you. The blink frog closely misses you.
You barely miss the komodo dragon. You bite the komodo dragon.
The komodo dragon is lightly wounded.
The blink frog blinks!
The blink frog hits you!
The blink frog blinks!
The komodo dragon bites you!!
* * * LOW HITPOINT WARNING * * *
The blink frog blinks! x2
Unknown command.
The blink frog blinks!
You hit the komodo dragon but do no damage.
The komodo dragon closely misses you. The blink frog closely misses you.
You closely miss the blink frog. Your bite misses the blink frog.
The blink frog is almost dead.
The blink frog blinks!
The komodo dragon bites you!
* * * LOW HITPOINT WARNING * * *
The blink frog hits you!
You die...
Your body crumbles into a pile of gold.

#..#.#P.P###.....##.#.###..
#..........+.....#......#..
...........#............#..
....§.?....#.....P......#..
#.#..F.§...#...............
# #.....F..#...............
#......§F......#......#..
#...#.#..###...............
#.......Fl@F.....P..##.##..
#..........................
##P###############P##.####.
## ###### ##


You could see a komodo dragon and 3 blink frogs.

Vanquished Creatures
  Gastronok (Lair:1)
  Harold (D:9)
  3 two-headed ogres
  2 unseen horrors (D:12)
  2 ugly things
  Maurice (D:8)
  Psyche (D:9)
  Maggie (D:9)
  2 komodo dragons (D:9)
  A gargoyle (D:6)
  A cane toad (Lair:1)
  2 trolls (D:10)
  A slime creature (D:12)
  A hornet (D:10)
  6 hippogriffs
  A wraith (D:10)
  5 spriggans (D:8)
  A wyvern (D:7)
  9 yaks
  3 humans
  Grum (D:11)
  A warg (D:11)
  Edmund (D:4)
  3 water moccasins
  A floating eye (shapeshifter) (D:10)
  2 porcupines
  9 sky beasts
  5 orc warriors
  2 ice beasts
  6 ogres
  2 phantoms
  9 wolves
  A crocodile (D:9)
  6 centaurs
  Blork the orc (D:4)
  2 big kobolds
  9 bullfrogs
  2 wyvern zombies
  2 scorpions
  16 killer bees
  10 wights (D:10)
  A howler monkey (D:10)
  3 electric eels (D:12)
  2 bullfrog zombies (D:12)
  2 centaur skeletons
  A centaur zombie (D:8)
  9 hounds
  A quasit (D:8)
  5 jellies
  A bullfrog skeleton (D:12)
  9 orc priests
  4 iguanas
  5 orc wizards
  7 worker ants
  A worker ant zombie (D:5)
  A howler monkey zombie (D:7)
  13 adders
  2 river rats (Sewer)
  2 white imps
  5 ufetubi
  2 oozes
  4 worms
  A dart slug (D:1)
  2 leopard geckos (D:6)
  38 orcs
  9 bats
  7 giant cockroaches
  8 goblins
  9 hobgoblins
  4 jackals
  8 quokkas
  5 ball pythons
  4 frilled lizards
  2 jackal skeletons
  10 kobolds
  A leopard gecko skeleton (D:6)
  2 quokka zombies (D:6)
  12 rats
  A plant (D:9)
339 creatures vanquished.

Vanquished Creatures (others)
  A dancing weapon (D:12)
  A bush (Lair:1)
  A fungus (Lair:1)
  7 plants
10 creatures vanquished.

Grand Total: 349 creatures vanquished

Notes
Turn   | Place    | Note
-------+----------+-------------------------------------------
     0 | D:1      | KristoblXynda the Vampire Gladiator began the quest for the
                  | Orb.
     0 | D:1      | Reached XP level 1. HP: 16/16 MP: 1/1
   333 | D:1      | Reached XP level 2. HP: 11/22 MP: 2/2
   726 | D:2      | Found a glowing silver altar of Zin.
   822 | D:2      | Reached skill level 1 in Stealth
   850 | D:2      | Reached XP level 3. HP: 27/27 MP: 3/3
  1438 | D:3      | Found a faded altar of an unknown god.
  1448 | D:3      | Reached XP level 4. HP: 33/33 MP: 4/4
  1618 | D:3      | Found a sparkling altar of Nemelex Xobeh.
  1645 | D:3      | Reached XP level 5. HP: 34/38 MP: 5/5
  1720 | D:3      | Found a glowing drain.
  1736 | Sewer    | Entered a sewer
  1859 | Sewer    | Found a white marble altar of Elyvilon.
  2070 | D:3      | Reached skill level 5 in Long Blades
  2070 | D:3      | Reached XP level 6. HP: 34/44 MP: 6/6
  2326 | D:4      | Found a stormy altar of Qazlal.
  2342 | D:4      | Found a sacrificial altar of Ru.
  2342 | D:4      | Found an ancient bone altar of Kikubaaqudgha.
  2422 | D:4      | You fall into a shaft and drop 3 floors!
  2534 | D:7      | Reached skill level 5 in Dodging
  2623 | D:7      | Noticed a sky beast
  2652 | D:7      | Killed a sky beast
  2652 | D:7      | Reached skill level 5 in Stealth
  2652 | D:7      | Reached XP level 7. HP: 39/50 MP: 7/7
  2981 | D:7      | Noticed a wyvern
  2995 | D:7      | Killed a wyvern
  3614 | D:6      | Found a staircase to the Ecumenical Temple.
  3624 | Temple   | Entered the Ecumenical Temple
  3699 | Temple   | Became a worshipper of Gozag Ym Sagoz the Greedy
  3729 | D:6      | Reached XP level 8. HP: 21/56 MP: 8/8
  3743 | D:6      | Reached skill level 1 in Armour
  3931 | D:6      | Noticed a gargoyle
  3932 | D:6      | Killed a gargoyle
  4097 | D:5      | Entered Level 5 of the Dungeon
  4468 | D:5      | Found a snail-covered altar of Cheibriados.
  4854 | D:4      | Noticed Blork the orc
  4988 | D:4      | Killed Blork the orc
  5092 | D:4      | Found a shattered altar of Ashenzari.
  5118 | D:4      | Noticed Edmund
  5125 | D:4      | Killed Edmund
  5511 | D:6      | Reached XP level 9. HP: 45/61 MP: 9/9
  5569 | D:6      | Found a radiant altar of Vehumet.
  5927 | D:8      | Found a snail-covered altar of Cheibriados.
  6259 | D:8      | Noticed Maurice
  6260 | D:8      | Reached skill level 1 in Evocations
  6264 | D:8      | Killed Maurice
  6362 | D:8      | Reached skill level 10 in Stealth
  7208 | D:8      | Reached XP level 10. HP: 63/70 MP: 10/10
  7963 | D:9      | Noticed Maggie
  7971 | D:9      | Killed Maggie
  8273 | D:9      | Noticed Harold
  8397 | D:9      | Killed Harold
  8422 | D:9      | Noticed Psyche
  8427 | D:9      | Killed Psyche
  8557 | D:9      | Found a staircase to the Lair.
  8993 | D:9      | Reached skill level 5 in Evocations
  9272 | D:9      | Reached skill level 5 in Fighting
  9377 | D:10     | Entered Level 10 of the Dungeon
  9715 | D:10     | Reached skill level 10 in Dodging
  9738 | D:10     | Reached XP level 11. HP: 14/80 MP: 11/11
 10250 | D:10     | Noticed a two-headed ogre
 10256 | D:10     | Killed a two-headed ogre
 10360 | D:10     | Reached skill level 10 in Long Blades
 10515 | D:10     | Found an iron altar of Okawaru.
 10813 | D:10     | Noticed a two-headed ogre
 10826 | D:10     | Killed a two-headed ogre
 10876 | D:10     | Found a bloodstained altar of Trog.
 11475 | D:11     | Found a staircase to the Orcish Mines.
 11475 | D:11     | Noticed Grum
 11490 | D:11     | Killed Grum
 11827 | D:11     | Noticed a green ugly thing
 11840 | D:11     | Killed a green ugly thing
 12583 | D:12     | Reached skill level 1 in Shields
 12679 | D:12     | Noticed an unseen horror
 12689 | D:12     | Killed an unseen horror
 12689 | D:12     | Reached skill level 5 in Armour
 12746 | D:12     | Noticed a two-headed ogre
 12769 | D:12     | Killed a two-headed ogre
 12769 | D:12     | Reached XP level 12. HP: 84/86 MP: 12/12
 13699 | D:13     | HP: 2/86 [+4 long sword (20)]
 13980 | Lair:1   | Entered Level 1 of the Lair of Beasts
 13987 | Lair:1   | Noticed Gastronok
 14279 | Lair:1   | Killed Gastronok
 14593 | Lair:1   | Slain by a blink frog

Illustrated notes

Levels and vault maps discovered:
D:1:      minmay_arrival_three_doors, layout_basic
D:2:      layout_loops_ring, old_standard_altar
D:3:      layout_rooms, nemelex_xobeh_ov_fountains_minmay,
          chequers_ecumenical_altar_simple, serial_glass, glass_columns_c,
          glass_columns_b, portal_sewer_entry_b
D:4:      layout_rooms, ashenzari_conservatory_becter,
          grunt_temple_overflow_open, minmay_liquid_box, uniq_blork_the_orc,
          uniq_edmund
D:5:      layout_basic, cheibriados_altar_1
D:6:      layout_rooms, vehumet_statue, minmay_temple_entry_gardened_gates
D:7:      layout_basic
D:8:      kb_forest_paths, layout_basic, lemuel_doored_altar, uniq_maurice
D:9:      layout_gridville, david_lair_shrubbed, uniq_harold, uniq_maggie,
          uniq_psyche
D:10:     layout_roguey, basic_altar, okawaru_humans
D:11:     layout_gridville, erik_orc_4, st_stairs_10, uniq_grum
D:12:     layout_big_octagon
D:13:     minmay_skewed_foursquare, layout_loops_corners, erik_vaults_1,
          evilmike_minifort
Temple:   eino_temple_water
Lair:1:   wander_river, layout_regular_city, wad_woods_03, uniq_gastronok,
          uniq_sonja

Skill      XL: |  1  2  3  4  5  6  7  8  9 10 11 12 |
---------------+-------------------------------------+-----
Fighting       | 2 3 5 |  5.2
Stealth        | 1 2 3 4 5 7 9 10 | 10.3
Throwing       | 2 |  2.1
Dodging        | 4 5 6 7 8 10 11 | 11.0
Long Blades    | 4 5 6 7 8 9 10 11 | 11.4
Armour         | 3 5 6 |  6.1
Evocations     | 3 5 7 8 |  8.1
Shields        | 2 4 |  4.0

Action                   |  1- 3 |  4- 6 |  7- 9 | 10-12 || total
-------------------------+-------+-------+-------+-------++-------
Melee: Long sword        |    90 |    86 |       |    21 ||   197
       Bite              |     8 |    22 |    42 |   162 ||   234
       Dagger            |       |    92 |   235 |   224 ||   551
       Scimitar          |       |       |   119 |   577 ||   696
Evoke: Wand              |       |       |       |     7 ||     7
  Use: Scroll            |     3 |     2 |    12 |     9 ||    26
       Potion            |       |     2 |     4 |    11 ||    17
 Stab: Sleeping          |     2 |     1 |    18 |    26 ||    47
       Distracted        |       |       |     2 |    11 ||    13
       Paralysed         |       |       |       |     8 ||     8
Armor: Robe              |     8 |       |    45 |     7 ||    60
       Leather armour    |    30 |    32 |       |       ||    62
       Ring mail         |       |    13 |    20 |       ||    33
       Acid dragon scale |       |       |       |   136 ||   136
       Skin              |       |       |       |     8 ||     8
Dodge: Dodged            |    70 |   124 |   246 |   701 ||  1141
Block: Buckler           |       |       |       |    40 ||    40
       Rpst.: Long sword |    26 |    27 |       |     5 ||    58
       Scimitar          |       |       |    25 |   154 ||   179

Table legend: (Time is in decaauts)
 A = Elapsed time spent in this place.
 B = Non-inter-level travel time spent in this place.
 C = Inter-level travel time spent in this place.
 D = Time resting spent in this place.
 E = Time spent auto-exploring this place.
 F = Levels seen in this place.
 G = Mean time per level.
                   A        B        C        D        E       F      G
               +--------+--------+--------+--------+--------+-----+--------+
         Total |  14539 |  13964 |    575 |   4736 |   4908 |  16 |  908.7 |
       Dungeon |  13780 |  13223 |    557 |   4535 |   4750 |  13 | 1060.0 |
        Temple |     86 |     68 |     18 |      0 |     42 |   1 |   86.0 |
          Lair |    426 |    426 |      0 |    170 |     80 |   1 |  426.0 |
         Sewer |    245 |    245 |      0 |     31 |     36 |   1 |  245.0 |
               +--------+--------+--------+--------+--------+-----+--------+

Top non-repeatable levels by time:
     D:9: 1998 daAuts
     D:8: 1967 daAuts
    D:10: 1707 daAuts
     D:7: 1267 daAuts
    D:12: 1258 daAuts
    D:11: 1210 daAuts
     D:4: 848 daAuts
     D:1: 733 daAuts
     D:2: 715 daAuts
     D:6: 698 daAuts
     D:5: 672 daAuts
     D:3: 635 daAuts
  Lair:1: 426 daAuts
   Sewer: 245 daAuts
  Temple: 86 daAuts
